 Dungeon Crawl Stone Soup version 0.28-a0-1143-gcf6077d4cc (webtiles) character file.

Game seed: 15472497787488875396

16638 ytrimaz the Martial Artist (level 12, -5/97 HPs)
             Began as an Octopode Transmuter on Dec 13, 2021.
             Was a Follower of Ashenzari.
             Slain by a skeletal warrior (18 damage)
             ... on level 12 of the Dungeon.
             The game lasted 00:18:03 (18879 turns).

ytrimaz the Martial Artist (Octopode Transmuter)   Turns: 18879, Time: 00:18:04

Health: -5/97      AC:  8    Str: 12    XL:     12   Next: 39%
Magic:  29/33      EV: 17    Int: 17    God:    Ashenzari [*.....]
Gold:   1463       SH:  0    Dex: 13    Spells: 18/28 levels left

rFire   x . .      SeeInvis +     - Unarmed
rCold   + + +      Faith    .   (shield currently unavailable)
rNeg    + . .      Spirit   .   (helmet currently unavailable)
rPois   +          Reflect  .   (no amulet)
rElec   .          Harm     .   e - ring "Esoteric Visionary" {MP+9, Comp, Alch} (curse)
rCorr   .          Rampage  .   a - ring of see invisible
Will    +....                   i - ring "Circumscribed With Me" {rC+, Alch, Range} (curse)
Stlth   +.........              p - +4 ring of evasion
HPRegen 0.26/turn               q - ring of positive energy
MPRegen 0.23/turn               s - ring of willpower
                                (no ring)
                                (no ring)

@: mighty, ice-form, wereblooded
A: freezing attack, boosted hp, almost no armour, amphibious, 8 rings, large,
(camouflage 1), (gelatinous body 1), (nimble swimmer 1), (tentacles)
a: End Transformation, Renounce Religion, Curse Item, Shatter the Chains


You were on level 12 of the Dungeon.
You worshipped Ashenzari.
Ashenzari was aware of your devotion.
You were a creature of crystalline ice.
You visited 2 branches of the dungeon, and saw 13 of its levels.

You collected 1463 gold pieces.

Inventory:

Missiles
 n - 2 throwing nets
Jewellery
 a - a ring of see invisible (right front paw)
 e - the cursed ring "Esoteric Visionary" (left front paw) {MP+9, Comp, Alch}
   (You found it on level 4 of the Dungeon)

   [ring of magical power]

   MP:        It affects your magic capacity (+9).
   It has a curse which improves the following skills: Companions: Summonings
   and Necromancy.
   Alchemy:   Poison Magic and Transmutations.
 i - the cursed ring "Circumscribed With Me" (on tentacle) {rC+, Alch, Range}
   (You found it on level 8 of the Dungeon)

   [ring of protection from cold]

   rC:        It protects you from cold.
   It has a curse which improves the following skills: Alchemy: Poison Magic and
   Transmutations.
   Ranged Combat: Slings, Bows, Crossbows and Throwing.
 p - a +4 ring of evasion (on tentacle)
 q - a ring of positive energy (on tentacle)
 s - a ring of willpower (on tentacle)
Wands
 g - a wand of polymorph (11)
 h - a wand of digging (12)
 o - a wand of iceblast (5)
Scrolls
 b - a scroll of teleportation
 d - 4 scrolls of enchant armour
 j - a scroll of magic mapping
 l - a scroll of acquirement
Potions
 c - a potion of might
 f - a potion of mutation
 k - a potion of magic
 m - a potion of cancellation
 r - a potion of flight
 t - a potion of curing


   Skills:
 * Level 7.5 Fighting
 * Level 8.9 Dodging
 + Level 10.5 Unarmed Combat
 * Level 8.9 Spellcasting
 * Level 8.4(10.1) Transmutations
 - Level 2.4 Ice Magic
 - Level 4.0(5.4) Poison Magic


You had 18 spell levels left.
You knew the following spells:

 Your Spells              Type           Power      Damage    Failure   Level
a - Ice Form              Ice/Tmut       29%        N/A       7%          4
b - Wereblood             Tmut           42%        N/A       1%          2
c - Spider Form           Tmut/Pois      34%        N/A       1%          3
d - Beastly Appendage     Tmut           84%        N/A       1%          1

Your spell library contained the following spells:

 Spells                   Type           Power      Damage    Failure   Level
 Passwall                 Tmut/Erth      20%        N/A       1%          2
 Freeze                   Ice            60%        1d8       3%          1
 Poisonous Vapours        Pois/Air       32%        N/A       4%          2
 Blade Hands              Tmut           21%        N/A       4%          5
 Ensorcelled Hibernation  Hex/Ice        22%        N/A       9%          2
 Sandblast                Erth           14%        2d6       10%         1
 Frozen Ramparts          Ice            30%        1d5       11%         3
 Corpse Rot               Necr/Air       14%        N/A       14%         2
 Stone Arrow              Conj/Erth      14%        3d7       28%         3
 Irradiate                Conj/Tmut      12%        3d18      32%         5
 Yara's Violent Unravell  Hex/Tmut       12%        3d7       32%         5
 Hailstorm                Conj/Ice       11%        3d5       50%         4
 Cause Fear               Hex            3%         N/A       67%         4
 Fulminant Prism          Conj/Hex       3%         3d6       67%         4
 Lightning Bolt           Conj/Air       3%         1d15      95%         5
 Storm Form               Tmut/Air       12%        N/A       100%        7


Dungeon Overview and Level Annotations

Branches:
Dungeon (12/15)            Temple (1/1) D:5            Lair (0/6) D:9
    Orc (0/2) D:11

Altars:
Ashenzari
Cheibriados
Dithmenos
Elyvilon
Fedhas
Gozag
Hepliaklqana
Kikubaaqudgha
Makhleb
Nemelex Xobeh
Okawaru
Qazlal
Ru
Sif Muna
Trog
Uskayaw
Vehumet
Wu Jian
Xom
Yredelemnul
Zin
The Shining One

Shops:
D:7 *

Annotations:
D:9 2 transporters, Daunt's ghost, novice DEFE
D:10 Erolcha


Innate Abilities, Weirdness & Mutations

You are a creature of crystalline ice.
You have a powerful freezing melee attack.
Your maximum health is increased.
Your armour is entirely melded.
You are incapable of wielding weapons or throwing items.
You cannot wear most types of armour.
You are amphibious.
You can wear up to eight rings at the same time.
((Your skin changes colour to match your surroundings (Stealth+).))
((Your rubbery body absorbs attacks. (AC +1, EV +1)))
((You are camouflaged near water. (Stealth+)))
((You have tentacles for arms and can constrict up to eight enemies at once.))


Message History

You howl as the wereblood boils in your veins!
Your primal bloodlust has ended.
HP restored.
c - 2 potions of might (gained 1)
You now have 1463 gold pieces (gained 13).
Found a stone staircase leading down.
Key pressed, stopping explore.
There is a stone staircase leading down here.
You open the door.
There is an open door here.
A skeletal warrior is nearby!
A skeletal warrior is nearby!
A skeletal warrior is nearby!
A skeletal warrior is nearby!
Casting: Wereblood (safe; 1% risk of failure)
Confirm with . or Enter, or press ? or * to list all spells.
You turn into a creature of crystalline ice.
The skeletal warrior hits you with a +0 mace!!
You punch the skeletal warrior! You freeze the skeletal warrior.
The skeletal warrior is moderately damaged.
The skeletal warrior hits you with a +0 mace!
Unknown command.
Okay, then.
You feel very mighty all of a sudden.
The skeletal warrior completely misses you.
You barely miss the skeletal warrior.
The skeletal warrior is lightly damaged.
The skeletal warrior hits you with a +0 mace!!
Casting: Ice Form (dangerous; 7% risk of failure)
Confirm with . or Enter, or press ? or * to list all spells.
Your blood is infused with primal strength.
The skeletal warrior barely misses you.
The skeletal warrior hits you with a +0 mace!!
* * * LOW HITPOINT WARNING * * *
You pummel the skeletal warrior!! You freeze the skeletal warrior.
The skeletal warrior is heavily damaged.
The skeletal warrior completely misses you.
Unknown command.
The skeletal warrior hits you with a +0 mace!!
You die...

..##.....#### #.#
...#........####.#
.#.#..........##.#
.#.........†# #.#
### .##.##.....<#
#.# #..
.##[##.#.##.# #.#
#.# .##.##.#....#
#.# #.#
###..#.####.# #.#
#.# .....#.# #.#
#Y###^#######
.......> #.#
#.zzz........
.....#.. ..#
#####z#######.
......#. #.#
#......... ....#
###z###### ....#
...... ....#
####.#.####.#
........... #
######....###..#


You could see 4 skeletal warriors.

Vanquished Creatures
  6 two-headed ogres
  An ugly thing (D:12)
  A manticore (D:11)
  A gargoyle (D:11)
  An unseen horror (D:8)
  A komodo dragon (D:8)
  A kobold demonologist (D:8)
  Psyche (D:9)
  A troll (D:10)
  2 hornets
  Grinder (D:3)
  Eustachio (D:6)
  6 wraiths
  2 wyverns
  11 yaks
  A basilisk (D:8)
  2 steam dragons
  Menkaure (D:7)
  An acid dragon (D:8)
  Edmund (D:6)
  4 water moccasins
  An ice beast (D:7)
  A necrophage (D:5)
  2 orc warriors
  3 sky beasts
  4 black bears
  3 ogres
  11 centaurs
  A phantom (D:6)
  2 kobold brigands
  3 gnoll sergeants
  7 bullfrogs
  2 scorpions (D:9)
  18 killer bees
  3 wights (D:9)
  4 howler monkeys
  7 centaur zombies
  A bullfrog skeleton (D:5)
  5 orc priests
  A gnoll shaman (D:7)
  5 hounds
  2 jellies
  6 iguanas
  An orc wizard (D:9)
  A scorpion zombie (D:5)
  2 killer bee zombies
  A howler monkey zombie (D:9)
  Robin (D:3)
  5 adders
  24 gnolls
  A white imp (D:8)
  An adder zombie (D:5)
  2 worms
  2 dart slugs
  17 orcs
  3 ball pythons
  6 endoplasms
  5 giant cockroaches
  10 goblins
  6 hobgoblins
  3 jackals (D:2)
  12 kobolds
  2 quokkas
  3 bats
  A frilled lizard (D:1)
  3 rats (D:1)
251 creatures vanquished.

Vanquished Creatures (collateral kills)
  Harold (D:7)
1 creature vanquished.

Vanquished Creatures (others)
  An orc (D:8)
  56 fungi (D:9)
  50 plants
107 creatures vanquished.

Grand Total: 359 creatures vanquished

Notes
Turn   | Place    | Note
-------+----------+-------------------------------------------
     0 | D:1      | ytrimaz the Octopode Transmuter began the quest for the
                  | Orb.
     0 | D:1      | Reached XP level 1. HP: 13/13 MP: 3/3
   431 | D:1      | Reached XP level 2. HP: 18/18 MP: 3/5
   451 | D:1      | Found a faded altar of an unknown god.
  1212 | D:2      | Learned a level 2 spell: Wereblood
  1306 | D:2      | Identified a scroll of acquirement
  1306 | D:2      | Acquired ytrimaz's Handbook of Moulding and Enchantment
  1520 | D:2      | Reached XP level 3. HP: 16/23 MP: 4/6
  1524 | D:2      | Learned a level 3 spell: Spider Form
  2210 | D:3      | Identified the +1 helmet "Qocutwea" {+Blink rPois rF- Int-3
                  | SInv}
  2210 | D:3      | Noticed Robin
  2223 | D:3      | Reached XP level 4. HP: 20/28 MP: 2/7
  2224 | D:3      | Killed Robin
  2430 | D:3      | Noticed Grinder
  2586 | D:3      | Killed Grinder
  2587 | D:3      | Reached skill level 4 in Unarmed Combat
  2587 | D:3      | Reached XP level 5. HP: 31/35 MP: 7/9
  2587 | D:3      | Reached XP level 6. HP: 36/40 MP: 7/10
  2880 | D:3      | Acquired 800 gold pieces
  3174 | D:4      | Reached skill level 1 in Poison Magic
  3180 | D:4      | Reached XP level 7. HP: 32/45 MP: 5/12
  3661 | D:4      | Noticed a yak
  3662 | D:4      | Noticed a yak
  3663 | D:4      | Noticed a yak
  3663 | D:4      | Noticed a yak
  3663 | D:4      | Noticed a yak
  3663 | D:4      | Noticed a yak
  3707 | D:4      | Killed a yak
  3708 | D:4      | Reached skill level 5 in Unarmed Combat
  4444 | D:4      | Killed a yak
  4445 | D:4      | Reached XP level 8. HP: 12/52 MP: 14/14
  4873 | D:5      | Entered Level 5 of the Dungeon
  5171 | D:5      | Found a staircase to the Ecumenical Temple.
  5182 | Temple   | Entered the Ecumenical Temple
  6053 | D:5      | Reached skill level 6 in Unarmed Combat
  6578 | D:6      | Noticed Eustachio
  6616 | D:6      | Killed Eustachio
  6617 | D:6      | Reached skill level 5 in Spellcasting
  6754 | D:6      | Reached XP level 9. HP: 44/58 MP: 16/16
  7048 | D:6      | Reached skill level 5 in Transmutations
  7131 | D:6      | Noticed Edmund
  7144 | D:6      | Killed Edmund
  7406 | D:6      | Found an ancient bone altar of Kikubaaqudgha.
  7407 | D:6      | Found a sacrificial altar of Ru.
  7612 | D:6      | Learned a level 4 spell: Ice Form
  7680 | D:7      | Reached skill level 5 in Dodging
  7693 | D:7      | Reached skill level 7 in Unarmed Combat
  8421 | D:7      | Found a blossoming altar of Fedhas.
  8428 | D:7      | Found a stormy altar of Qazlal.
  8453 | D:7      | Noticed Menkaure
  8465 | D:7      | Killed Menkaure
  8745 | D:7      | Found Newoadil's Fire Supplies.
  8755 | D:7      | Reached skill level 5 in Fighting
  9090 | D:7      | Noticed Harold
  9499 | D:7      | Killed Harold
  9500 | D:7      | Reached XP level 10. HP: 17/66 MP: 19/19
  9920 | D:7      | Found a radiant altar of Vehumet.
  9951 | D:7      | Found a hide-covered altar of Uskayaw.
 10208 | D:8      | Noticed a two-headed ogre
 10232 | D:8      | Killed a two-headed ogre
 10233 | D:8      | Reached skill level 8 in Unarmed Combat
 10951 | D:8      | Reached skill level 1 in Ice Magic
 10993 | D:8      | HP: 2/80 [steam dragon (4)]
 11356 | D:8      | Got Odolatulo's Papyrus of Feathers
 11423 | D:8      | Noticed an unseen horror
 11432 | D:8      | Killed an unseen horror
 11442 | D:8      | Noticed a kobold demonologist
 11450 | D:8      | Killed a kobold demonologist
 11484 | D:8      | Reached XP level 11. HP: 46/72 MP: 22/22
 11639 | D:8      | Found the +4 moon troll leather armour {Spirit, Regen++
                  | MP+5}
 11912 | D:8      | Noticed a two-headed ogre
 11919 | D:8      | Killed a two-headed ogre
 11931 | D:8      | Reached skill level 9 in Unarmed Combat
 12713 | D:9      | Found a transporter.
 12713 | D:9      | Noticed Daunt's ghost (novice DEFE)
 13310 | D:9      | Found a transporter.
 13310 | D:9      | Identified the +7 dire flail "Jiwaycah" {flame, Will++
                  | Dex+3}
 13310 | D:9      | Noticed a two-headed ogre
 13314 | D:9      | Noticed a two-headed ogre
 13315 | D:9      | Noticed a two-headed ogre
 13871 | D:9      | Found a staircase to the Lair.
 14723 | D:9      | Noticed Psyche
 14735 | D:9      | Killed Psyche
 14774 | D:9      | Found a broken altar of Ashenzari.
 14813 | D:9      | Became a worshipper of Ashenzari the Shackled
 14982 | D:9      | Found a bloodstained altar of Trog.
 15329 | D:10     | Entered Level 10 of the Dungeon
 16243 | D:10     | Noticed Erolcha
 16422 | D:10     | Noticed a two-headed ogre
 16431 | D:10     | Killed a two-headed ogre
 16598 | D:10     | Found a shadowy altar of Dithmenos.
 16980 | D:11     | Reached * piety under Ashenzari
 17236 | D:11     | Noticed a two-headed ogre
 17246 | D:11     | Killed a two-headed ogre
 17247 | D:11     | Reached XP level 12. HP: 60/81 MP: 24/24
 17373 | D:11     | Reached skill level 10 in Unarmed Combat
 17406 | D:11     | Found a staircase to the Orcish Mines.
 18058 | D:11     | Noticed a two-headed ogre
 18068 | D:11     | Killed a two-headed ogre
 18594 | D:12     | Noticed a two-headed ogre
 18606 | D:12     | Killed a two-headed ogre
 18879 | D:12     | Slain by a skeletal warrior

Illustrated notes

Levels and vault maps discovered:
D:1:      lightli_arrival_flooded_house, layout_loops_ring,
          ebering_ecumenical_altar_mist, grunt_decor_resistance
D:2:      layout_loops_cross, hangedman_decor_lopped
D:3:      layout_basic, uniq_robin, uniq_grinder
D:4:      layout_basic
D:5:      layout_gridville, minmay_temple_entry_waves,
          nicolae_figureground_sparkle
D:6:      layout_cave_pools, nicolae_overflow_squiral, uniq_edmund,
          uniq_eustachio
D:7:      layout_loops_corners, nicolae_overflow_hidden_temple,
          serial_bayou_lagoon_a, nicolae_shop_fire_sale
          [nicolae_sub_dead_trees], uniq_menkaure, uniq_harold
D:8:      minmay_the_grid_octo_tiled_octocenter [minmay_the_grid_octo_empty,
          minmay_the_grid_octo_toaster, minmay_the_grid_octo_pinwheel,
          minmay_the_grid_octo_clover, minmay_the_grid_octo_prize_single_spiral,
          minmay_the_grid_square_5x5_mess,
          minmay_the_grid_square_5x5_broken_cross,
          minmay_the_grid_square_5x5_comb,
          minmay_the_grid_square_5x5_fancy_junction], layout_layer_cave
D:9:      layout_irregular_city, mainiacjoe_overflow_alcove_4,
          mainiacjoe_overflow_small_starburst, due_lair_maze_entry_diamond,
          gammafunk_ghost_smash, uniq_psyche
D:10:     layout_small_grid, nicolae_dithmenos_through_a_glass_darkly,
          lightli_orcish_oven, uniq_erolcha
D:11:     layout_gridville, orc_0_dummy
D:12:     layout_basic, uniq_fannar
Temple:   nicolae_temple_god_jail

Skill      XL: |  1  2  3  4  5  6  7  8  9 10 11 12 |
---------------+-------------------------------------+-----
Fighting       | 2 3 4 5 6 7 |  7.5
Dodging        | 3 4 6 8 |  8.9
Unarmed Combat | 4 5 6 7 8 9 10 | 10.5
Spellcasting   | 3 4 5 6 7 8 |  8.9
Transmutations | 3 4 6 7 8 |  8.4
Poison Magic   | 1 2 3 4 |  4.0
Ice Magic      | 1 2 |  2.4

Action                   |  1- 3 |  4- 6 |  7- 9 | 10-12 || total
-------------------------+-------+-------+-------+-------++-------
Melee: Unarmed           |    64 |    56 |   290 |   479 ||   889
       Constrict         |    13 |     3 |     4 |     2 ||    22
       Kick              |     9 |     1 |       |       ||    10
       Tentacles         |     3 |       |     5 |     3 ||    11
       Punch             |     3 |       |       |       ||     3
 Cast: Beastly Appendage |    14 |     3 |     1 |     2 ||    20
       Spider Form       |     3 |     5 |    42 |    12 ||    62
       Wereblood         |     1 |     2 |     4 |    11 ||    18
       Ice Form          |       |       |     3 |    43 ||    46
Invok: Curse Item        |       |       |       |     2 ||     2
  Use: Scroll            |     5 |     3 |     8 |     5 ||    21
       Potion            |     1 |     3 |     1 |     5 ||    10
 Stab: Sleeping          |     2 |     2 |     1 |       ||     5
       Distracted        |     1 |       |       |       ||     1
Armor: Skin              |     2 |     8 |    26 |    91 ||   127
Dodge: Dodged            |    41 |    32 |   275 |   546 ||   894

Table legend: (Time is in decaauts)
 A = Elapsed time spent in this place.
 B = Non-inter-level travel time spent in this place.
 C = Inter-level travel time spent in this place.
 D = Time resting spent in this place.
 E = Time spent auto-exploring this place.
 F = Levels seen in this place.
 G = Mean time per level.
                   A        B        C        D        E       F      G
               +--------+--------+--------+--------+--------+-----+--------+
         Total |  18807 |  18356 |    451 |   3842 |  11930 |  13 | 1446.7 |
       Dungeon |  18755 |  18304 |    451 |   3842 |  11906 |  12 | 1562.9 |
        Temple |     51 |     51 |      0 |      0 |     24 |   1 |   51.0 |
               +--------+--------+--------+--------+--------+-----+--------+

Top non-repeatable levels by time:
     D:8: 3789 daAuts
     D:9: 1798 daAuts
     D:7: 1768 daAuts
    D:11: 1710 daAuts
     D:5: 1661 daAuts
     D:6: 1595 daAuts
     D:4: 1366 daAuts
    D:10: 1231 daAuts
     D:1: 1206 daAuts
     D:2: 1149 daAuts
     D:3: 1139 daAuts
    D:12: 339 daAuts
  Temple: 51 daAuts
